 Dungeon Crawl Stone Soup version 0.26.0-10-g1f06aea511 (webtiles) character file.

Game seed: 10078599114727649772

181 Arum the Shield-Bearer (level 5, -10/43 HPs)
             Began as a Formicid Fighter on Jan 21, 2021.
             Mangled by an ogre
             ... wielding a +0 giant spiked club
              (21 damage)
             ... on level 3 of the Dungeon.
             The game lasted 00:03:01 (2358 turns).

Arum the Shield-Bearer (Formicid Fighter)           Turns: 2358, Time: 00:03:02

Health: -10/43     AC:  7    Str: 27    XL:     5   Next: 92%
Magic:  5/5        EV:  8    Int:  8    God:
Gold:   65         SH: 10    Dex: 10    Spells: 4/4 levels left

rFire    . . .     SeeInvis +   a - +0 war axe
rCold    . . .     Faith    .   c - +0 kite shield
rNeg     . . .     Spirit   .   b - +0 scale mail
rPois    .         Reflect  .   (helmet unavailable)
rElec    .         Harm     .   (no cloak)
rCorr    .         Rampage  .   (no gloves)
Will     .....                  (no boots)
Stlth    ..........             (no amulet)
HPRegen  0.14/turn              s - +6 ring of strength
MPRegen  0.09/turn              (no ring)

@: very slow
A: permanent stasis, dig shafts and tunnels, four strong arms, antennae 3
a: Dig, Shaft Self


You were on level 3 of the Dungeon.
You visited 1 branch of the dungeon, and saw 3 of its levels.

You collected 65 gold pieces.

Inventory:

Hand Weapons
 a - a +0 war axe (weapon)
Missiles
 o - a throwing net
Armour
 b - a +0 scale mail (worn)
 c - a +0 kite shield (worn)
Jewellery
 s - a +6 ring of strength (left hand)
Scrolls
 f - a scroll of remove curse {unknown}
 g - 4 scrolls of teleportation
 h - 2 scrolls of fear {unknown}
 i - a scroll of fog {unknown}
 j - a scroll of amnesia {unknown}
 n - a scroll of identify
 q - a scroll of immolation {unknown}
Potions
 d - a potion of might
 e - a potion of curing {unknown}
 k - 2 potions of lignification
 l - a potion of mutation {unknown}
 m - a potion of attraction {unknown}
 p - a potion of flight {unknown}
 r - a potion of berserk rage {unknown}
 t - a potion of experience {unknown}


   Skills:
 + Level 4.3 Fighting
 + Level 3.2 Axes
 + Level 4.3 Armour
 + Level 4.8 Shields


You had 4 spell levels left.
You didn't know any spells.
Your spell library contained the following spells:

 Spells                   Type           Power        Failure   Level
 Corona                   Hex            0%           93%         1
 Ensorcelled Hibernation  Hex/Ice        0%           98%         2
 Confusing Touch          Hex            0%           100%        3
 Dazzling Flash           Conj/Hex       0%           100%        3
 Tukima's Dance           Hex            0%           100%        3


Dungeon Overview and Level Annotations

Branches:
Dungeon (3/15)

Altars:
Fedhas
Zin


Innate Abilities, Weirdness & Mutations

You cannot be hasted, slowed, berserked, paralysed or teleported.
You can dig through walls and to a lower floor.
Your four strong arms can wield two-handed weapons with a shield.
You have a pair of large antennae on your head. (SInv)


Message History

You block the ogre's attack.
Your unstable footing causes you to fumble your attack.
You block the ogre's attack.
Your unstable footing causes you to fumble your attack.
You block the ogre's attack.
You hit the ogre.
The ogre is severely wounded.
You block the ogre's attack.
The ogre hits you with a +0 giant spiked club!
Your unstable footing causes you to fumble your attack.
The ogre barely misses you.
You barely miss the ogre.
The ogre is severely wounded.
The ogre hits you with a +0 giant spiked club!!
* * * LOW HITPOINT WARNING * * *
Your shield and scale mail prevent you from hitting the ogre.
The ogre is severely wounded.
Your unstable footing causes you to fumble your attack.
The ogre hits you with a +0 giant spiked club!!
You die...

#.# ### #.# ..# #.#
#.. #.# ##.# #.# #
..### #.# .##.#
#.≈##.##.#######
......#.≈##.#.........
......O@≈≈##.....#####
.##.#.##≈≈###...## ..
##≈≈###.## ##
#≈≈#...## ##≈###..#
#≈####≈# #≈≈# #≈# #≈≈#
#≈## ####≈≈# #≈≈#


You could see an ogre.

Vanquished Creatures
  2 orc wizards (D:3)
  4 gnolls (D:2)
  3 adders
  2 worms (D:2)
  5 dart slugs
  A leopard gecko (D:1)
  An orc (D:3)
  6 bats
  3 giant cockroaches
  8 goblins
  5 hobgoblins
  A ball python (D:2)
  3 frilled lizards (D:1)
  5 kobolds
  4 rats
53 creatures vanquished.

Vanquished Creatures (others)
  9 fungi (D:2)
  3 plants (D:2)
12 creatures vanquished.

Grand Total: 65 creatures vanquished

Notes
Turn   | Place    | Note
-------+----------+-------------------------------------------
     0 | D:1      | Arum the Formicid Fighter began the quest for the Orb.
     0 | D:1      | Reached XP level 1. HP: 18/18 MP: 1/1
    79 | D:1      | Reached XP level 2. HP: 23/24 MP: 2/2
   502 | D:1      | Reached XP level 3. HP: 29/29 MP: 3/3
   994 | D:2      | Reached XP level 4. HP: 37/37 MP: 4/4
  1380 | D:2      | Reached XP level 5. HP: 7/42 MP: 5/5
  1723 | D:2      | Found a blossoming altar of Fedhas.
  2268 | D:3      | Found a glowing silver altar of Zin.
  2346 | D:3      | Noticed an ogre
  2358 | D:3      | Mangled by an ogre

Illustrated notes

Levels and vault maps discovered:
D:1:      zelgadis_glass_arrival_small, layout_basic, serial_glass,
          glass_columns_b, glass_columns_a, glass_columns_a, glass_columns_a,
          glass_columns_a, minivault_26, minmay_quantized
D:2:      layout_basic, fedhas_altar_3
D:3:      layout_loops_corners, marbit_many_paths, general_overflow_altar,
          gup_sewer_entry_glass, chequers_ecumenical_altar_grove,
          chequers_serial_rivers_large_b

Skill      XL: |  1  2  3  4  5 |
---------------+----------------+-----
Shields        | 4 |  4.8
Fighting       | 4 |  4.3
Armour         | 4 |  4.3
Axes           | 3 |  3.2

Action                   |  1- 3 |  4- 6 || total
-------------------------+-------+-------++-------
Melee: War axe           |    72 |   102 ||   174
 Abil: Dig               |       |     4 ||     4
  Use: Scroll            |     2 |       ||     2
Armor: Scale mail        |    25 |    28 ||    53
Dodge: Dodged            |    18 |    36 ||    54
Block: Kite shield       |    27 |    52 ||    79
